Description

This is a Nexus 3 Gate build that gets 7 Stalkers at your opponent's ramp by 3:45. The goal is to abuse an Overlord's high ground vision to kill your opponent's wall for free so your ally can flood Zerglings and kill them.

VOD

https://www.youtube.com/playlist?list=PLhV6jiwR6Y3Xx910v8R7MyUyTNDXfb6ro

Replay - LegendaryVictoryOverGMWithBhaskar

Build Order

Get SALT Encoding   

  12  0:00  Probe  
  13  0:13  Probe  
  14  0:19  Pylon  
  14  0:25  Probe  
  15  0:40  Gateway  
  15  0:45  Probe  
  16  0:52  Assimilator  
  16  0:57  Probe  
  17  1:09  Probe  
  18  1:22  Probe  
  19  1:27  Cybernetics Core  
  19  1:38  Nexus  
  19  1:45  Probe  
  20  1:51  Pylon  
  20  1:57  Probe, Warp Gate (Chrono Boost)  
  21  2:05  Stalker  
  23  2:16  Gateway  
  23  2:20  Probe  
  24  2:34  Stalker (Chrono Boost)  
  24  2:35  Gateway  
  27  2:45  Assimilator  
  29  3:02  Stalker (Chrono Boost)  
  33  3:08  Stalker (Chrono Boost)  
  37  3:31  Stalker x2  
  41  3:37  Stalker  
  43  3:43  Pylon  
  43  3:58  Stalker  
Spawning Tool Build Advisor. Get it on Overwolf

Analysis

The VOD Link should have a series of games.

1) Victory over 5.6K GM + 4.8K Master players. We kill one of them with the timing and then eek out a 2v1 victory over the GM.

2) Victory over PracticeX who at the time was the #1 3v3 and 4v4 player in the world on ladder. In this game I use the build defensively to deflect and Ling/Hellion timing attack and then transition to air.

3) Masters game where I have no Zerg ally but kill a wall to let my ally's Blue Flame Hellions in. He proceeds to single handedly win the game for us.

4) A lower level game where our opponents all one base us, and we defend while three of us are on combined 8 bases and two of us don't even lose a unit.

Go to:

Details

  • Created by: meadbert
  • Published on: Jan 23, 2022
  • Modified on: Jan 23, 2022
  • Patch: 4.11.0
  • Difficulty: Easy
Show
View Real Time Build Order
Export as new Build Order

Comments (1)

On June 28, 2022, 9:56 p.m., meadbert  said:

I added a 5th video to show how ideal this build is for gas steals. Basically you don't plan to mine from your second gas until your Natural is done anyway so they have to steal 3 gasses to delay you and that only delays you around 30-50 gas which means one or two of your Stalkers can become Adepts on your first Warp-in.

Create an account to comment!